 Dungeon Crawl Stone Soup version 0.17-a0-1564-g7b572aa (webtiles) character file.

989 urechis the Grappler (level 7, -10/69 (72) HPs)
             Began as a Troll Monk on July 21, 2015.
             Mangled by urechis's ghost (14 damage)
             ... on level 6 of the Dungeon.
             The game lasted 00:05:28 (4190 turns).

urechis the Grappler (Troll Monk)                   Turns: 4190, Time: 00:05:28

HP:   -10/69 (72)   AC:  6    Str: 26    XL:     7   Next: 98%
MP:   6/6           EV: 10    Int:  6    God:
Gold: 305           SH:  0    Dex: 12    Spells: 0 memorised, 6 levels left

rFire  . . .     SeeInvis .       - Unarmed
rCold  . . .     Clarity  .     a - +0 robe
rNeg   . . .     SustAt   .     (no shield)
rPois  .         Gourm    +     (helmet restricted)
rElec  .         Spirit   .     k - +0 cloak
rCorr  .         Warding  .     (gloves unavailable)
rMut   .         Stasis   .     (boots unavailable)
MR     +....                    (no amulet)
Stlth  +.........               E - +4 ring of strength
                                B - ring of protection from magic

@: somewhat resistant to hostile enchantments, very unstealthy
A: unfitting armour, claws 3, fast metabolism 3, gourmand, regeneration 2,
shaggy fur 1, tough skin 2
a: no special abilities


You were on level 6 of the Dungeon.
You were full.

You visited 1 branch of the dungeon, and saw 6 of its levels.

You collected 305 gold pieces.

Inventory:

Missiles
 p - 3 tomahawks (quivered)
 H - 5 needles of confusion
Armour
 a - a +0 robe (worn)
 k - a +0 cloak (worn)
Jewellery
 B - a ring of protection from magic (left claw)
 E - a +4 ring of strength (right claw)
Magical devices
 r - a wand of polymorph (15)
 s - a wand of draining (8)
 y - a wand of cold (5)
 C - a wand of enslavement (9)
Scrolls
 c - 3 scrolls of remove curse {unknown}
 e - 3 scrolls of teleportation {unknown}
 i - 4 scrolls of noise {unknown}
 j - 10 scrolls of identify {unknown}
 o - 2 scrolls of enchant weapon {unknown}
 v - a scroll of immolation {unknown}
 F - a scroll of amnesia {unknown}
Potions
 f - a potion of heal wounds {unknown}
 g - a potion of cure mutation {unknown}
 h - 2 potions of brilliance {unknown}
 n - a potion of agility {unknown}
 q - a potion of ambrosia {unknown}
 u - 3 potions of curing {unknown}
 w - 2 potions of might {unknown}
 x - a potion of flight {unknown}
 z - a potion of resistance {unknown}
 D - a potion of cancellation {unknown}
 G - 2 potions of lignification {unknown}
Comestibles
 b - 7 bread rations
 d - 3 fruits
 l - a royal jelly
 m - a slice of pizza
 t - a beef jerky
 A - a meat ration


   Skills:
 + Level 5.0 Fighting
 - Level 2.4 Dodging
 - Level 1.1 Stealth
 * Level 8.6 Unarmed Combat


You had 6 spell levels left.
You didn't know any spells.

Dungeon Overview and Level Annotations

Branches:
Dungeon (6/15)             Temple (0/1) D:5

Altars:
Dithmenos
Gozag
Trog
Vehumet
The Shining One

Annotations:
D:3 Nansi's ghost, average DgGl
D:6 urechis's ghost, experienced TrMo


Innate Abilities, Weirdness & Mutations

You are too large for most types of armour.
You have claws for hands.
Your metabolism is lightning-fast.
You like to eat raw meat.
You heal very quickly.
You are covered in fur (AC +1).
You have very tough skin (AC +2).


Message History

Urechis's ghost is severely damaged.
You claw urechis's ghost!
Urechis's ghost is almost destroyed.
Urechis's ghost hits you!
* * * LOW HITPOINT WARNING * * *
You scratch urechis's ghost.
Urechis's ghost is almost destroyed.
Urechis's ghost hits you!
* * * LOW HITPOINT WARNING * * *
You scratch urechis's ghost.
Urechis's ghost is almost destroyed.
Urechis's ghost hits you.
* * * LOW HITPOINT WARNING * * *
You barely miss urechis's ghost.
Urechis's ghost is almost destroyed.
Urechis's ghost barely misses you.
You closely miss urechis's ghost.
Urechis's ghost is almost destroyed.
Urechis's ghost hits you!
You die...

##### ...######
##........ #......... #
######......... #?
#..%...[...[...
####..###....../.......
.......@W........?.....
..###.###.....#........
# #######........
#########


You could see urechis's ghost.

Vanquished Creatures
  A necrophage (D:5)
  2 phantoms
  A sky beast (D:5)
  3 scorpions
  2 hounds (D:5)
  2 centaur zombies
  A crimson imp (D:5)
  A jelly (D:5)
  3 worker ants
  7 adders
  A worker ant zombie (D:5)
  An ooze (D:3)
  2 adder skeletons (D:4)
  6 worms
  3 giant geckos
  5 orcs
  2 ball pythons
  15 goblins
  9 hobgoblins
  6 jackals
  7 kobolds
  3 quokkas
  10 bats
  3 giant cockroaches
  3 giant newts (D:1)
  A jackal skeleton (D:3)
  13 rats
113 creatures vanquished.

Vanquished Creatures (others)
  An adder (D:2)
  A giant newt (D:2)
2 creatures vanquished.

Grand Total: 115 creatures vanquished

Notes
Turn   | Place    | Note
--------------------------------------------------------------
     0 | D:1      | urechis the Troll Monk began the quest for the Orb.
     0 | D:1      | Reached XP level 1. HP: 22/22 MP: 0/0
    74 | D:1      | Reached XP level 2. HP: 29/29 MP: 1/1
   735 | D:2      | Reached XP level 3. HP: 24/36 MP: 2/2
  1051 | D:2      | Reached skill level 5 in Unarmed Combat
  1096 | D:2      | Reached XP level 4. HP: 45/45 MP: 3/3
  1582 | D:3      | Found a bloodstained altar of Trog.
  1881 | D:3      | Noticed Nansi's ghost (average DgGl)
  1939 | D:3      | Reached XP level 5. HP: 23/53 MP: 4/4
  2226 | D:4      | Noticed a phantom
  2242 | D:4      | Killed a phantom
  2242 | D:4      | Reached skill level 6 in Unarmed Combat
  2275 | D:4      | Found a shadowy altar of Dithmenos.
  2345 | D:4      | Reached XP level 6. HP: 62/62 MP: 5/5
  2367 | D:4      | Found a glowing golden altar of the Shining One.
  2545 | D:4      | Found an opulent altar of Gozag.
  2670 | D:4      | Reached skill level 7 in Unarmed Combat
  2952 | D:5      | Entered Level 5 of the Dungeon
  3058 | D:5      | Reached XP level 7. HP: 61/71 MP: 6/6
  3124 | D:5      | Found a staircase to the Ecumenical Temple.
  3237 | D:5      | Reached skill level 8 in Unarmed Combat
  3361 | D:5      | Found a radiant altar of Vehumet.
  3523 | D:5      | Reached skill level 5 in Fighting
  4164 | D:6      | Noticed urechis's ghost (experienced TrMo)
  4188 | D:6      | HP: 3/69 [urechis's ghost (5)]
  4190 | D:6      | Mangled by urechis's ghost

Vault maps used:
D:1:      dpeg_arrival_chambers_temple_mockup
D:2:      lemuel_flame_loot_1
D:3:      nicolae_overflow_crystal_walls, st_stairs_9
D:4:      kennysheep_the_goblin_king, nicolae_dithmenos_shadow_blocks,
          nicolae_overflow_hidden_temple, lemuel_crystal_altar
D:5:      fiery_altar_vehumet, minmay_temple_entry_purple_smoke, first_bread,
          nicolae_underground_beach
D:6:      lemuel_doored_altar, uniq_eustachio, uniq_sigmund

Action                   |  1- 3 |  4- 6 |  7- 9 || total
-------------------------+-------+-------+-------++-------
Melee: Unarmed           |    84 |   168 |    94 ||   346
 Stab: Sleeping          |     2 |     7 |       ||     9
  Eat: Chunk             |     6 |    20 |    10 ||    36
       Fruit             |       |     4 |       ||     4
       Beef jerky        |       |     1 |       ||     1
